[Event "Titled Tuesday Blitz May 9 Early 2023"]
[White "Ramirez, Maria Eugenia"]
[Black "Pasti, Aron"]
[WhiteFideId "3301680"]
[BlackFideId "785857"]
[WhiteElo "1842"]
[BlackElo "2173"]
[Result "0-1"]
[Round "03"]
[TimeControl "180+2"]
[Date "2023.05.09"]
[WhiteClock "0:01:05"]
[BlackClock "0:01:49"]

1. e4 c5 2. c3 d5 3. exd5 Qxd5 4. Nf3 e6 5. d4 Nc6 6. Na3 cxd4 7. Nb5 Qd8 8. Nbxd4 Nf6 9. Nxc6 Qxd1+ 10. Kxd1 bxc6 11. Bd3 c5 12. Ke2 Bb7 13. Bb5+ Ke7 14. Bg5 h6 15. Bh4 g5 16. Bg3 Ne4 17. Rhe1 Bg7 18. Ne5 Nxg3+ 19. hxg3 Bxe5 20. Kf1 Bf6 21. f4 gxf4 22. gxf4 Rhg8 23. Re2 Rg4 24. Rf2 Rag8 25. Rd1 Bxg2+ 26. Ke2 Bh4 27. Rd7+ Kf6 28. Rf3 Bxf3+ 29. Kxf3 Rg2 30. Ke4 R8g3 31. Rxa7 Rg1 32. f5 Re1+ 33. Kf4 e5# 0-1


[Site "https://www.chess.com"]

[Event "Titled Tuesday Blitz May 9 Early 2023"]
[White "Llanos, Guillermo"]
[Black "Andreassen, Lars"]
[WhiteFideId "100358"]
[BlackFideId "1504878"]
[WhiteElo "2225"]
[BlackElo "2119"]
[Result "0-1"]
[Round "03"]
[TimeControl "180+2"]
[Date "2023.05.09"]
[WhiteClock "0:00:35"]
[BlackClock "0:01:10"]

1. d4 d5 2. f4 Bf5 3. Nf3 e6 4. e3 Nf6 5. Be2 h6 6. O-O c5 7. c3 Nc6 8. Ne5 Bd6 9. Nd2 O-O 10. Ndf3 Ne4 11. Bd2 Bxe5 12. fxe5 Nxd2 13. Qxd2 cxd4 14. exd4 Bg4 15. Rf2 Qb6 16. Raf1 Bxf3 17. Bxf3 Rad8 18. Bd1 Rd7 19. Bc2 Ne7 20. Qd3 g6 21. Rf6 Kg7 22. b3 Qa6 23. Qf3 Nf5 24. g4 Nh4 25. Qf2 g5 26. Bb1 Rc7 27. Qc2 Rh8 28. Qf2 Rf8 29. h3 Qc6 30. Kh2 Qxc3 31. Rxe6 Nf3+ 32. Qxf3 Qxf3 33. Rxf3 fxe6 0-1


[Site "https://www.chess.com"]

[Event "Titled Tuesday Blitz May 9 Early 2023"]
[White "Mazurkiewicz, Michal"]
[Black "Putri, Regita Desyari"]
[WhiteFideId "1124943"]
[BlackFideId "7109083"]
[WhiteElo "2054"]
[BlackElo "1930"]
[Result "1-0"]
[Round "03"]
[TimeControl "180+2"]
[Date "2023.05.09"]
[WhiteClock "0:00:08"]
[BlackClock "0:00:07"]

1. e4 e5 2. Nf3 Nc6 3. Bb5 a6 4. Bxc6 dxc6 5. O-O Bg4 6. h3 h5 7. d3 Qf6 8. Nbd2 Be6 9. Nc4 Bxc4 10. dxc4 Bd6 11. Be3 Qe7 12. Qe2 f6 13. c3 g5 14. b4 Qh7 15. c5 Be7 16. Qc4 g4 17. Nh4 Qf7 18. Qe2 gxh3 19. g3 O-O-O 20. a4 Nh6 21. Bxh6 Rxh6 22. b5 cxb5 23. axb5 axb5 24. Ra8+ Kd7 25. Qd2+ Kc6 26. Rxd8 Bxd8 27. Qxh6 Qc4 28. Rd1 Be7 29. Qxh5 Qxe4 30. Qe8+ Kxc5 31. Qxe7+ Kc4 32. Qxc7+ Kb3 33. Qf7+ Kc2 34. Qd5 Qe2 35. Nf3 Qxd1+ 36. Qxd1+ Kxd1 37. Nxe5 Kc2 38. Nd7 Kxc3 39. Nc5 b6 40. Nd7 b4 41. Nxb6 b3 42. Kh2 b2 43. Na4+ Kb3 44. Nxb2 Kxb2 45. Kxh3 Kc3 46. Kg4 Kc4 47. Kf5 Kd5 48. Kxf6 1-0


[Site "https://www.chess.com"]

[Event "Titled Tuesday Blitz May 9 Early 2023"]
[White "Floresvillar Gonzalez, Luis Migu"]
[Black "Hercegovac, Neven"]
[WhiteFideId "5100542"]
[BlackFideId "2839135"]
[WhiteElo "2040"]
[BlackElo "2075"]
[Result "1-0"]
[Round "03"]
[TimeControl "180+2"]
[Date "2023.05.09"]
[WhiteClock "0:00:29"]
[BlackClock "0:00:00"]

1. d4 d5 2. c3 Nf6 3. Bg5 e6 4. Nd2 Be7 5. e3 O-O 6. Bd3 Nbd7 7. f4 h6 8. Bxf6 Nxf6 9. Ngf3 c5 10. O-O b6 11. Ne5 Bb7 12. Qf3 Qc7 13. Rae1 a6 14. g4 Nd7 15. Nxd7 Qxd7 16. f5 Bg5 17. Qg3 cxd4 18. cxd4 a5 19. h4 Be7 20. g5 hxg5 21. hxg5 Ba6 22. Bxa6 Rxa6 23. f6 Bd6 24. Qh4 Bb4 25. fxg7 Kxg7 26. Qh6+ Kg8 27. Re2 f5 28. gxf6 Qh7 29. Qg5+ Kh8 30. Rh2 Rg8 31. Rxh7+ Kxh7 32. Qxg8+ Kxg8 33. Nf3 Ra8 34. Ne5 Rf8 35. Rf3 Bd6 36. f7+ Kg7 37. Rg3+ Kf6 38. Rg8 Rxf7 39. Nxf7 Kxf7 40. Rd8 Bb4 41. Rb8 Bd2 42. Kf2 Bc1 43. b3 Ba3 44. Rxb6 1-0


[Site "https://www.chess.com"]

[Event "Titled Tuesday Blitz May 9 Early 2023"]
[White "rionelG"]
[Black "LeoLV10"]
[WhiteElo "2204"]
[BlackElo "2389"]
[Result "0-1"]
[Round "03"]
[TimeControl "180+2"]
[Date "2023.05.09"]
[WhiteClock "0:00:00"]
[BlackClock "0:00:08"]

1. e4 c6 2. d4 d5 3. e5 c5 4. dxc5 e6 5. a3 Bxc5 6. b4 Bb6 7. Qg4 Ne7 8. Qxg7 Rg8 9. Qxh7 Bd4 10. c3 Bxe5 11. Nf3 Bf6 12. h4 Rh8 13. Qc2 e5 14. Bg5 Bxg5 15. Nxg5 Bf5 16. Bd3 Bxd3 17. Qxd3 e4 18. Qg3 Nd7 19. Qf4 Rf8 20. Nh7 Ng6 21. Qf5 Rh8 22. Ng5 Nde5 23. Nxf7 Nxf7 24. Qxg6 Qe7 25. Nd2 O-O-O 26. O-O-O Ne5 27. Qf5+ Kb8 28. Kc2 Nd3 29. c4 Rhf8 30. Qg5 Qc7 31. Rdf1 Ka8 32. c5 Qc6 33. Nb3 Qb5 34. Qe3 Qc4+ 35. Kd2 Qxb3 36. Qd4 Qa2+ 37. Ke3 Rxf2 38. Re1 Rf3+ 0-1


[Site "https://www.chess.com"]

[Event "Titled Tuesday Blitz May 9 Early 2023"]
[White "Acikel, Mert"]
[Black "Marcziter, Dmitrii"]
[WhiteFideId "12956465"]
[BlackFideId "13900765"]
[WhiteElo "2097"]
[BlackElo "2162"]
[Result "0-1"]
[Round "03"]
[TimeControl "180+2"]
[Date "2023.05.09"]
[WhiteClock "0:02:30"]
[BlackClock "0:02:45"]

1. e4 c5 2. Nf3 a6 3. c4 e6 4. Nc3 Qc7 5. d4 cxd4 6. Qxd4 Nf6 7. Be2 Bc5 8. Qd1 Ng4 9. O-O Nc6 10. h3 h5 11. a3 Nd4 12. b4 Nxf3+ 0-1


[Site "https://www.chess.com"]

[Event "Titled Tuesday Blitz May 9 Early 2023"]
[White "Dahlgren, James Allen"]
[Black "Andrews, Todd"]
[WhiteFideId "22256873"]
[BlackFideId "2012456"]
[WhiteElo "2184"]
[BlackElo "2173"]
[Result "0-1"]
[Round "03"]
[TimeControl "180+2"]
[Date "2023.05.09"]
[WhiteClock "0:00:15"]
[BlackClock "0:00:51"]

1. d3 e5 2. g3 d5 3. Bg2 Nf6 4. Nd2 c6 5. Ngf3 Bd6 6. O-O O-O 7. e4 Re8 8. h3 b5 9. a4 b4 10. c4 bxc3 11. bxc3 Ba6 12. c4 Nbd7 13. Qc2 Nc5 14. Re1 Rb8 15. Ba3 Nfd7 16. Rab1 Qa5 17. Rxb8 Rxb8 18. Bxc5 Nxc5 19. exd5 cxd5 20. Nxe5 Nb3 21. Ndf3 Nd4 22. Qd1 Nxf3+ 23. Bxf3 Re8 24. d4 dxc4 25. Bc6 Rd8 26. Re4 Bxe5 0-1


[Site "https://www.chess.com"]

[Event "Titled Tuesday Blitz May 9 Early 2023"]
[White "Rottenwohrer Suarez, Juan"]
[Black "Yang,ching Wei, Austin"]
[WhiteFideId "32068182"]
[BlackFideId "16300440"]
[WhiteElo "2174"]
[BlackElo "2101"]
[Result "1-0"]
[Round "03"]
[TimeControl "180+2"]
[Date "2023.05.09"]
[WhiteClock "0:00:11"]
[BlackClock "0:00:00"]

1. d4 d5 2. c4 c6 3. Nf3 Nf6 4. Nc3 e6 5. Bg5 Nbd7 6. e3 Qa5 7. cxd5 Nxd5 8. Qd2 Bb4 9. Rc1 Nxc3 10. bxc3 Ba3 11. Rb1 b6 12. Be2 Ba6 13. O-O Bxe2 14. Qxe2 O-O 15. c4 e5 16. Rfd1 e4 17. Ne5 Nxe5 18. dxe5 Qxe5 19. Bf4 Qe7 20. Qc2 Rfd8 21. h3 Rxd1+ 22. Qxd1 c5 23. Qa4 Bb4 24. Rd1 Ba5 25. Qc6 Qe8 26. Qc7 Bc3 27. Rd7 Bf6 28. g4 g6 29. Qb7 Bg7 30. Rxf7 Qxf7 31. Qxa8+ Bf8 32. Qxe4 Kg7 33. Be5+ Kg8 34. f4 Qd7 35. Qd5+ Qxd5 36. cxd5 Kf7 37. Kf2 Ke7 38. Ke2 Kd7 39. Kd3 b5 40. e4 a5 41. Bb8 c4+ 42. Kd4 1-0


[Site "https://www.chess.com"]

[Event "Titled Tuesday Blitz May 9 Early 2023"]
[White "Luberanski, Jakub"]
[Black "Chemin, Justo Reinaldo"]
[WhiteFideId "21830509"]
[BlackFideId "2101580"]
[WhiteElo "2255"]
[BlackElo "1940"]
[Result "1-0"]
[Round "03"]
[TimeControl "180+2"]
[Date "2023.05.09"]
[WhiteClock "0:00:09"]
[BlackClock "0:00:45"]

1. e4 e6 2. d4 d5 3. Nd2 dxe4 4. Nxe4 Qd5 5. Bd3 f5 6. c4 Qxd4 7. Nf3 Bb4+ 8. Ke2 Qd8 9. Bg5 Be7 10. Bxe7 Qxe7 11. Neg5 h6 12. Nh3 g5 13. Re1 g4 14. Ne5 gxh3 15. Ng6 Qf6 16. Nxh8 Qxh8 17. g4 Qe5+ 18. Kd2 Qxb2+ 19. Bc2 Qd4+ 20. Bd3 Qxg4 21. Qa4+ Nc6 22. Rg1 Qf4+ 23. Ke2 Ne7 24. Rg3 Bd7 25. Rb1 O-O-O 26. Qa3 Nd4+ 27. Kf1 Nec6 28. Qb2 b6 29. c5 Ne5 30. Ba6+ Kb8 31. cxb6 cxb6 32. Rc3 Ndf3 33. Qc1 Nxh2+ 34. Kg1 Rg8+ 35. Kh1 Qf3+ 36. Rxf3 Nhxf3 37. Qa3 Kc7 38. Rc1+ Kd8 39. Qd6 h2 40. Rc8# 1-0


[Site "https://www.chess.com"]

[Event "Titled Tuesday Blitz May 9 Early 2023"]
[White "Gvanceladze, Anna"]
[Black "Kiseljova, Marya"]
[WhiteFideId "4113721"]
[BlackFideId "4155009"]
[WhiteElo "2025"]
[BlackElo "1831"]
[Result "1-0"]
[Round "03"]
[TimeControl "180+2"]
[Date "2023.05.09"]
[WhiteClock "0:00:48"]
[BlackClock "0:00:00"]

1. d4 d5 2. Nf3 Nf6 3. Bf4 c5 4. e3 Nc6 5. c3 Nh5 6. Bg5 h6 7. Bh4 Qb6 8. b3 Bg4 9. h3 Bxf3 10. Qxf3 Nf6 11. Bxf6 gxf6 12. Qxd5 cxd4 13. exd4 e6 14. Qf3 Be7 15. Nd2 Rc8 16. Bd3 Rg8 17. O-O Qa5 18. b4 Qg5 19. Ne4 Qg7 20. a4 f5 21. Nc5 b6 22. Bb5 bxc5 23. Bxc6+ Kf8 24. bxc5 e5 25. Bd7 Rd8 26. Bxf5 exd4 27. cxd4 Qxd4 28. c6 Qc5 29. Rac1 Qe5 30. c7 1-0


[Site "https://www.chess.com"]

[Event "Titled Tuesday Blitz May 9 Early 2023"]
[White "Ciuffoletti, Paolo"]
[Black "Gomes, Luiz Alexandre de Souza"]
[WhiteFideId "807630"]
[BlackFideId "2102790"]
[WhiteElo "2143"]
[BlackElo "2378"]
[Result "0-1"]
[Round "03"]
[TimeControl "180+2"]
[Date "2023.05.09"]
[WhiteClock "0:00:00"]
[BlackClock "0:00:35"]

1. e4 c5 2. d4 cxd4 3. c3 d3 4. Bxd3 Nc6 5. c4 d6 6. Nc3 Nf6 7. Nf3 Bg4 8. Be2 g6 9. h3 Bd7 10. O-O Bg7 11. Be3 O-O 12. Qd2 Re8 13. Rac1 Rc8 14. b3 a6 15. Na4 Nxe4 16. Qd5 Nc5 17. Bxc5 dxc5 18. Nxc5 Rc7 19. Rfd1 e6 20. Qd2 Nb8 21. Ne4 Qe7 22. Qa5 Bc6 23. Nd6 Rd8 24. c5 Rcd7 25. Nd4 Bd5 26. Bc4 Nc6 27. Nxc6 Bxc6 28. b4 Qg5 29. Bf1 h5 30. a4 h4 31. b5 axb5 32. axb5 Bd5 33. Rxd5 Qxd5 34. Be2 Bd4 35. Bf3 Qe5 36. Nxb7 Rb8 37. c6 Rc7 38. b6 Qxa5 39. Nxa5 Rxb6 40. Nc4 Rb4 41. Nd6 Rb2 0-1


[Site "https://www.chess.com"]

[Event "Titled Tuesday Blitz May 9 Early 2023"]
[White "Melikhov, Evgeny V."]
[Black "Deepak, Katiyar"]
[WhiteFideId "4122046"]
[BlackFideId "5026792"]
[WhiteElo "2158"]
[BlackElo "2069"]
[Result "1/2-1/2"]
[Round "03"]
[TimeControl "180+2"]
[Date "2023.05.09"]
[WhiteClock "0:00:14"]
[BlackClock "0:00:17"]

1. d4 d5 2. c4 e6 3. Nc3 Nf6 4. cxd5 exd5 5. Bg5 Be7 6. e3 c6 7. Bd3 O-O 8. Qc2 Nbd7 9. Nf3 Re8 10. O-O h6 11. Bh4 Ne4 12. Bxe4 Bxh4 13. Bh7+ Kh8 14. Bd3 Bf6 15. b4 Nf8 16. b5 Bg4 17. Nd2 Rc8 18. bxc6 bxc6 19. Nb3 Nd7 20. Na4 Be7 21. Bf5 Bxf5 22. Qxf5 Kg8 23. Rfc1 Nb6 24. Nxb6 axb6 25. a4 c5 26. dxc5 bxc5 27. Rd1 d4 28. exd4 c4 29. Nc5 Bxc5 30. dxc5 Qe7 31. h3 Rxc5 32. Rd5 Rxd5 33. Qxd5 Qe5 34. Qxe5 Rxe5 35. a5 c3 36. a6 c2 37. a7 Re8 38. Kf1 Ra8 39. Rc1 Rxa7 40. Rxc2 Re7 41. g3 g6 1/2-1/2


[Site "https://www.chess.com"]

[Event "Titled Tuesday Blitz May 9 Early 2023"]
[White "Makhmudov, Shukhrat"]
[Black "Tuleyeva-Aketayeva, Dana"]
[WhiteFideId "14200775"]
[BlackFideId "13701932"]
[WhiteElo "2135"]
[BlackElo "2030"]
[Result "1-0"]
[Round "03"]
[TimeControl "180+2"]
[Date "2023.05.09"]
[WhiteClock "0:00:05"]
[BlackClock "0:00:00"]

1. e4 c5 2. Nf3 Nc6 3. d4 cxd4 4. Nxd4 g6 5. Nxc6 bxc6 6. Qd4 Nf6 7. e5 Qa5+ 8. Nc3 Nd5 9. Bd2 Nxc3 10. e6 f6 11. Bxc3 Qd5 12. Qxd5 cxd5 13. Bb5 Rb8 14. Ba4 Rb6 15. O-O-O Rxe6 16. Rxd5 Bh6+ 17. Kb1 Ra6 18. Bb5 Rb6 19. Bd4 Rb7 20. Ba6 Rc7 21. Bxc8 Rxc8 22. Re1 e6 23. Bxf6 Rf8 24. Bd4 Bd2 25. Re2 Bf4 26. g3 Bb8 27. Bc5 Rf5 28. Rxf5 gxf5 29. Bd4 Rc4 30. c3 Kf7 31. f4 a5 32. b3 Rc6 33. Kb2 d6 34. c4 Rc8 35. Bc3 Bc7 36. Rd2 Re8 37. a3 Re7 38. b4 axb4 39. axb4 e5 40. fxe5 dxe5 41. c5 e4 42. b5 e3 43. Re2 f4 44. gxf4 Bxf4 45. b6 Rd7 46. c6 Rd6 47. c7 Rxb6+ 48. Bb4 Rxb4+ 49. Kc3 Bxc7 50. Kxb4 Bf4 51. Kc4 Kf6 52. Kd3 Kf5 53. Re1 Kg4 54. Rg1+ Kf3 55. h3 Kf2 56. Rb1 Kg3 57. Rh1 h5 58. Rf1 Bg5 59. Rf5 1-0


[Site "https://www.chess.com"]

[Event "Titled Tuesday Blitz May 9 Early 2023"]
[White "Larina, Maria"]
[Black "micke12a"]
[WhiteFideId "24113182"]
[WhiteElo "1848"]
[BlackElo "2366"]
[Result "0-1"]
[Round "03"]
[TimeControl "180+2"]
[Date "2023.05.09"]
[WhiteClock "0:00:00"]
[BlackClock "0:00:07"]

1. e4 c5 2. Nc3 a6 3. g3 b5 4. Bg2 Bb7 5. d3 e6 6. Nf3 Nf6 7. O-O Be7 8. e5 Nd5 9. Ne4 O-O 10. Re1 Qc7 11. c4 Nb6 12. b3 Nc6 13. Bb2 Rad8 14. Rc1 d5 15. exd6 Bxd6 16. Nxd6 Qxd6 17. Ne5 b4 18. Qg4 g6 19. Rcd1 Nd7 20. Nxd7 Rxd7 21. Qg5 f5 22. h4 Qe7 23. Qh6 Nd4 24. Bxb7 Rxb7 25. Re3 Qg7 26. Qxg7+ Kxg7 27. Bxd4+ cxd4 28. Rxe6 a5 29. Rde1 a4 30. Re7+ Rxe7 31. Rxe7+ Kf6 32. Rb7 axb3 33. axb3 Ra8 34. Rxb4 Ra1+ 35. Kg2 Rd1 36. Rb6+ Kf7 37. c5 Rxd3 38. c6 Rc3 39. Rb7+ Kf6 40. c7 d3 41. Rb6+ Ke5 42. Rb8 Rxc7 43. Rd8 Rc3 44. b4 Rb3 45. b5 Ke4 46. b6 Rxb6 47. Re8+ Kd4 48. Rd8+ Kc3 49. Kf3 d2 50. Ke2 Re6+ 51. Kf3 Kc2 52. Rc8+ Kd1 53. Rd8 Ke1 54. Rxd2 Kxd2 55. Kf4 h6 0-1


[Site "https://www.chess.com"]

[Event "Titled Tuesday Blitz May 9 Early 2023"]
[White "Omariev, Maksim"]
[Black "KSho99"]
[WhiteFideId "4193423"]
[WhiteElo "2364"]
[BlackElo "2155"]
[Result "1-0"]
[Round "03"]
[TimeControl "180+2"]
[Date "2023.05.09"]
[WhiteClock "0:02:21"]
[BlackClock "0:00:11"]

1. g4 e5 2. Bg2 Ne7 3. c4 Ng6 4. d3 c6 5. Nc3 Bc5 6. Nf3 d5 7. h4 Bxg4 8. h5 Nf4 9. Bxf4 exf4 10. h6 g5 11. cxd5 cxd5 12. Qb3 Be6 13. Qxb7 Nd7 14. d4 Rb8 15. Qa6 Be7 16. O-O-O Qb6 17. Qxb6 Rxb6 18. Ne5 Nxe5 19. dxe5 O-O 20. Nxd5 Rc8+ 21. Kb1 Ba3 22. Nxb6 1-0


[Site "https://www.chess.com"]

[Event "Titled Tuesday Blitz May 9 Early 2023"]
[White "Necula, Iulian"]
[Black "Umarov, Sabir"]
[WhiteFideId "1232380"]
[BlackFideId "14200538"]
[WhiteElo "1790"]
[BlackElo "2356"]
[Result "0-1"]
[Round "03"]
[TimeControl "180+2"]
[Date "2023.05.09"]
[WhiteClock "0:00:00"]
[BlackClock "0:00:15"]

1. d4 g6 2. Nc3 Bg7 3. Bf4 d6 4. e3 Nd7 5. h4 e5 6. Bg3 Ngf6 7. h5 Nxh5 8. Rxh5 gxh5 9. Qxh5 exd4 10. exd4 Qe7+ 11. Nge2 Nf6 12. Qb5+ Qd7 13. Qb3 Nh5 14. O-O-O O-O 15. Bh4 Qg4 16. g3 c6 17. Rd3 d5 18. f3 Qg6 19. g4 Bh6+ 20. Kb1 Nf4 21. Nxf4 Bxf4 22. Ne2 Bh6 23. a4 b6 24. Qc3 Re8 25. f4 Bxg4 26. Rg3 f5 27. Bh3 Kh8 28. Bxg4 fxg4 29. Rg2 Qe4 30. Qg3 Qf3 31. Qxg4 Qxg4 32. Rxg4 Bg7 33. Ng3 Re1+ 34. Ka2 Rg1 35. f5 Rf8 36. Rg5 Bf6 37. Rg4 Bxh4 38. Rxh4 Rxg3 39. Rh5 Rf3 0-1


[Site "https://www.chess.com"]

[Event "Titled Tuesday Blitz May 9 Early 2023"]
[White "Senft, Sean"]
[Black "Hartikainen, Jarmo"]
[WhiteFideId "2044960"]
[BlackFideId "503134"]
[WhiteElo "1989"]
[BlackElo "2108"]
[Result "1-0"]
[Round "03"]
[TimeControl "180+2"]
[Date "2023.05.09"]
[WhiteClock "0:01:49"]
[BlackClock "0:00:00"]

1. d4 Nf6 2. c4 g6 3. Nc3 d5 4. Bg5 Ne4 5. Bh4 Nxc3 6. bxc3 Bg7 7. e3 c5 8. Nf3 O-O 9. cxd5 Qxd5 10. Bxe7 cxd4 11. Bxf8 Bxf8 12. Nxd4 Bg7 13. Qb3 Qa5 14. Bc4 Nc6 15. O-O Ne5 16. Bd5 Rb8 17. f4 Ng4 18. Bxf7+ Kh8 19. Rf3 Bd7 20. Be6 Ba4 21. Qd5 Qxd5 22. Bxd5 Nf6 23. Bb3 Bd7 24. Bc2 Rc8 25. e4 Ng4 26. h3 Bxd4+ 27. cxd4 Rxc2 28. hxg4 Bxg4 29. Re3 Bd7 30. d5 Rd2 31. Rc1 Bb5 32. Rc7 Ba6 33. e5 Rxd5 34. e6 Rd8 35. e7 Re8 36. g4 Kg7 37. f5 Kf7 38. Kf2 gxf5 39. gxf5 h5 40. Kg3 Rg8+ 41. Kf4 Rg4+ 42. Kf3 Rg8 43. e8=Q+ 1-0


[Site "https://www.chess.com"]

[Event "Titled Tuesday Blitz May 9 Early 2023"]
[White "Al-Saffar, Araz Basim Mohammed S"]
[Black "Cramling Bellon, Anna"]
[WhiteFideId "4801040"]
[BlackFideId "32009232"]
[WhiteElo "2304"]
[BlackElo "1976"]
[Result "1-0"]
[Round "03"]
[TimeControl "180+2"]
[Date "2023.05.09"]
[WhiteClock "0:01:34"]
[BlackClock "0:00:00"]

1. d4 d6 2. Nf3 e6 3. g3 Nd7 4. Bg2 Ne7 5. O-O Nb6 6. b3 Ng6 7. Bb2 Be7 8. c4 O-O 9. Nbd2 d5 10. e4 c6 11. Re1 Bd7 12. c5 dxe4 13. Nxe4 Nd5 14. h4 f5 15. Neg5 Nc7 16. Bc1 f4 17. h5 Bxg5 18. hxg6 Bh6 19. gxh7+ Kxh7 20. Qd3+ Kg8 21. Ne5 Nd5 22. Bh3 fxg3 23. Qxg3 Bxc1 24. Nxd7 Bf4 25. Bxe6+ Rf7 26. Qg6 Qg5+ 27. Qxg5 Bxg5 28. Ne5 Rf8 29. Nxf7 Rxf7 30. Bxf7+ Kxf7 31. Re5 Bf6 32. Rxd5 cxd5 33. Rd1 Ke7 34. Kg2 Kd7 35. Kf3 Kc6 36. Kg4 b6 37. cxb6 axb6 38. Kf5 Kd6 39. f4 Kd7 40. Re1 Bxd4 41. Rd1 Bf6 42. Rxd5+ Kc6 43. Rd3 b5 44. Ke6 b4 45. f5 Kc5 46. Rd5+ Kc6 47. Ra5 Bc3 48. a4 bxa3 49. Rxa3 Kc5 50. Ra7 Kb4 51. Rb7+ Ka3 52. b4 Bf6 53. b5 Kb4 54. b6 Kc5 55. Rxg7 1-0


[Site "https://www.chess.com"]

[Event "Titled Tuesday Blitz May 9 Early 2023"]
[White "Matveeva, Olga"]
[Black "Stead, Kerry"]
[WhiteFideId "24107018"]
[BlackFideId "3202577"]
[WhiteElo "2009"]
[BlackElo "1997"]
[Result "1-0"]
[Round "03"]
[TimeControl "180+2"]
[Date "2023.05.09"]
[WhiteClock "0:00:49"]
[BlackClock "0:00:34"]

1. d4 c5 2. d5 e5 3. e4 d6 4. Bb5+ Bd7 5. Bxd7+ Nxd7 6. Nf3 b5 7. a4 b4 8. Nbd2 a5 9. Nc4 Nb6 10. Qe2 Ne7 11. O-O h6 12. Nfd2 Nec8 13. f4 exf4 14. e5 Be7 15. e6 O-O 16. Rxf4 Bg5 17. Rxf7 Rxf7 18. exf7+ Kxf7 19. Qe6+ Kf8 20. Nxb6 Nxb6 21. Ne4 Be7 22. Bxh6 Nxd5 23. Qxd5 gxh6 24. Rf1+ Ke8 25. Qe6 Ra7 26. Nf6+ Kf8 27. Qg8# 1-0


[Site "https://www.chess.com"]

[Event "Titled Tuesday Blitz May 9 Early 2023"]
[White "inhocsignovinces73"]
[Black "Levitan, Ronit"]
[BlackFideId "2815109"]
[WhiteElo "2339"]
[BlackElo "1930"]
[Result "1-0"]
[Round "03"]
[TimeControl "180+2"]
[Date "2023.05.09"]
[WhiteClock "0:01:04"]
[BlackClock "0:00:03"]

1. c3 d5 2. Nf3 c5 3. g3 Nf6 4. d4 e6 5. Bg2 Nc6 6. O-O Bd6 7. Bf4 O-O 8. Bxd6 Qxd6 9. e3 e5 10. dxe5 Nxe5 11. Nbd2 Bg4 12. h3 Bxf3 13. Nxf3 Nxf3+ 14. Bxf3 Rfd8 15. Qe2 Ne4 16. Rad1 Qb6 17. Kg2 Rac8 18. Bg4 Rc7 19. f3 Nf6 20. Bf5 g6 21. Bb1 c4 22. Rd4 Re7 23. Qf2 Rde8 24. Re1 a5 25. g4 a4 26. a3 Nd7 27. e4 Nc5 28. Red1 dxe4 29. Bxe4 Nxe4 30. Rxe4 Rxe4 31. Qxb6 Re2+ 32. Kf1 Rc2 33. Rd8 1-0


[Site "https://www.chess.com"]

[Event "Titled Tuesday Blitz May 9 Early 2023"]
[White "Fajdetic, Hrvoje"]
[Black "Torres Dominguez, David"]
[WhiteFideId "14501945"]
[BlackFideId "2220857"]
[WhiteElo "2185"]
[BlackElo "1999"]
[Result "1-0"]
[Round "03"]
[TimeControl "180+2"]
[Date "2023.05.09"]
[WhiteClock "0:00:36"]
[BlackClock "0:00:29"]

1. d4 e5 2. dxe5 d6 3. Nf3 Bg4 4. c3 Nc6 5. exd6 Bxd6 6. Qa4 Nf6 7. Bg5 h6 8. Bxf6 Qxf6 9. Qxg4 O-O 10. e3 Rad8 11. Be2 Nb4 12. Na3 Rfe8 13. O-O Nc6 14. Rad1 a6 15. Nc4 Bf8 16. Rxd8 Nxd8 17. Qd7 Re4 18. Qxc7 Ne6 19. Qxb7 Rg4 20. Nd4 Rg5 21. Nxe6 Qxe6 22. Nd2 Rg6 23. Bc4 Qf5 24. Ne4 Kh7 25. Ng3 Qf6 26. Qxf7 Qxf7 27. Bxf7 Rb6 28. Bb3 a5 29. Rb1 Be7 30. Nf5 Bf6 31. Nd4 h5 32. g3 g6 33. h4 Kg7 34. Bc2 Kf7 35. b4 a4 36. Bxa4 Ke7 37. Bb3 Be5 38. a4 1-0


[Site "https://www.chess.com"]

[Event "Titled Tuesday Blitz May 9 Early 2023"]
[White "Maranhao,Jose Renato Ruiz"]
[Black "Ardila, Oscar Humberto"]
[WhiteFideId "2135175"]
[BlackFideId "4404742"]
[WhiteElo "1970"]
[BlackElo "1918"]
[Result "0-1"]
[Round "03"]
[TimeControl "180+2"]
[Date "2023.05.09"]
[WhiteClock "0:00:00"]
[BlackClock "0:01:15"]

1. e4 e5 2. Nf3 Nf6 3. d4 exd4 4. e5 Ng8 5. Nxd4 Nc6 6. Nxc6 bxc6 7. Bc4 Qe7 8. O-O g6 9. Qf3 h6 10. Re1 Bg7 11. e6 fxe6 12. Bxe6 Kd8 13. Bf4 Bxb2 14. Nc3 Bxa1 15. Rxa1 Qxe6 16. Rd1 Ne7 17. Nb5 d6 0-1


[Site "https://www.chess.com"]

[Event "Titled Tuesday Blitz May 9 Early 2023"]
[White "Manon-og, Ramon Jr."]
[Black "Maluco_do_Natal_00"]
[WhiteFideId "5200776"]
[WhiteElo "2332"]
[BlackElo "2021"]
[Result "1-0"]
[Round "03"]
[TimeControl "180+2"]
[Date "2023.05.09"]
[WhiteClock "0:01:38"]
[BlackClock "0:00:00"]

1. e4 c5 2. Nf3 Nc6 3. Bb5 e6 4. Bxc6 bxc6 5. O-O Ne7 6. c4 Ng6 7. Nc3 e5 8. d3 d6 9. h3 Be7 10. Be3 O-O 11. Qd2 f5 12. exf5 Bxf5 13. Ne4 Bxh3 14. Nfg5 Bf5 15. a3 a5 16. Ng3 Bg4 17. b4 cxb4 18. axb4 axb4 19. Rxa8 Qxa8 20. Qxb4 h6 21. N5e4 Rb8 22. Qd2 Kh7 23. f3 Bd7 24. Nh5 Rg8 25. f4 exf4 26. Nxf4 Nxf4 27. Bxf4 Qb8 28. c5 Qa7 29. d4 d5 30. Nd6 Bxd6 31. Bxd6 Re8 32. Qd3+ 1-0


[Site "https://www.chess.com"]

[Event "Titled Tuesday Blitz May 9 Early 2023"]
[White "Balint, Vilmos"]
[Black "Castillo Pena, Patricia Evarista"]
[WhiteFideId "718050"]
[BlackFideId "6412106"]
[WhiteElo "2034"]
[BlackElo "1919"]
[Result "1-0"]
[Round "03"]
[TimeControl "180+2"]
[Date "2023.05.09"]
[WhiteClock "0:01:34"]
[BlackClock "0:00:01"]

1. e4 c5 2. Nf3 d6 3. d4 cxd4 4. Bb5+ Bd7 5. Bxd7+ Qxd7 6. Nxd4 Nc6 7. O-O e5 8. Ne2 Nf6 9. Nbc3 Be7 10. Bg5 O-O 11. Bxf6 Bxf6 12. Nd5 Bg5 13. Qd3 Rac8 14. c3 f5 15. exf5 Qxf5 16. Rad1 Qxd3 17. Rxd3 e4 18. Rg3 Bf6 19. Rg4 Rce8 20. Ng3 Be5 21. Nxe4 Kh8 22. f3 Bf6 23. Ndxf6 gxf6 24. Nxd6 Re2 25. Rf2 Re1+ 26. Rf1 Re2 27. Rb1 b6 28. Kf1 Rd2 29. Nc4 Rc2 30. a4 Ne5 31. Nxe5 fxe5 32. Re4 Re8 33. Re2 Rxe2 34. Kxe2 e4 35. f4 Kg7 36. Ke3 Kf6 37. g4 h5 38. h3 hxg4 39. hxg4 a6 40. Rh1 Kg6 41. g5 Kf5 42. Rh6 Rd8 43. Rf6+ Kg4 44. Rxb6 1-0


[Site "https://www.chess.com"]

[Event "Titled Tuesday Blitz May 9 Early 2023"]
[White "Avalos Parra, Joao"]
[Black "Vargas, Mauricio"]
[WhiteFideId "3402541"]
[BlackFideId "4404572"]
[WhiteElo "2173"]
[BlackElo "1986"]
[Result "1-0"]
[Round "03"]
[TimeControl "180+2"]
[Date "2023.05.09"]
[WhiteClock "0:02:09"]
[BlackClock "0:00:04"]

1. d4 c6 2. c4 d6 3. Nc3 Nf6 4. e4 g6 5. Be2 Bg7 6. Be3 O-O 7. f3 a6 8. h4 b5 9. Qd2 h5 10. Bh6 Kh7 11. Bxg7 Kxg7 12. g4 hxg4 13. h5 gxh5 14. Qg5+ Kh7 15. e5 Rg8 16. Qe3 dxe5 17. dxe5 Nbd7 18. O-O-O Qa5 19. Rxd7 Bxd7 20. exf6 exf6 21. Rxh5+ Kg7 22. Qh6# 1-0


[Site "https://www.chess.com"]

[Event "Titled Tuesday Blitz May 9 Early 2023"]
[White "Sanchez, Robert"]
[Black "Szente Varga, Fruzsina"]
[WhiteFideId "2034360"]
[BlackFideId "712264"]
[WhiteElo "1867"]
[BlackElo "1994"]
[Result "0-1"]
[Round "03"]
[TimeControl "180+2"]
[Date "2023.05.09"]
[WhiteClock "0:02:14"]
[BlackClock "0:01:51"]

1. e4 Nf6 2. e5 Nd5 3. Nc3 Nxc3 4. bxc3 d6 5. f4 dxe5 6. fxe5 Bf5 7. Nf3 e6 8. d4 Be7 9. Rb1 b6 10. Bb5+ c6 11. Be2 O-O 12. O-O c5 13. Be3 Nd7 14. Nd2 Rc8 15. Ba6 Rc7 16. Nc4 Nb8 17. Bb5 a6 18. Ba4 b5 19. d5 exd5 20. Rxf5 dxc4 0-1


[Site "https://www.chess.com"]